 Dungeon Crawl Stone Soup version 0.25-a0-420-g1cc7eeb0d1 (webtiles) character file.

Game seed: 8313855893385996713, levelgen mode: deterministic

1075 kae the Gusty (level 8, 0/57 HPs)
             Began as a Grey Draconian Air Elementalist on Jan 18, 2020.
             Slain by a two-headed ogre
             ... wielding a +0 giant club
              (19 damage)
             ... on level 6 of the Dungeon.
             The game lasted 00:10:29 (8207 turns).

kae the Gusty (Grey Draconian Air Elementalist)     Turns: 8207, Time: 00:10:30

Health: 0/57       AC: 11    Str: 11    XL:     8   Next: 8%
Magic:  13/15      EV: 12    Int: 18    God:
Gold:   213        SH:  0    Dex: 11    Spells: 6/16 levels left

rFire    . . .     SeeInvis .   s - +2 falchion (holy)
rCold    . . .     Gourm    .   (no shield)
rNeg     . . .     Faith    .   (armour unavailable)
rPois    .         Spirit   .   (helmet restricted)
rElec    .         Reflect  .   (no cloak)
rCorr    .         Harm     .   (no gloves)
MR       .....                  (no boots)
Stlth    ++........             (no amulet)
HPRegen  0.19/turn              g - ring of wizardry
MPRegen  0.14/turn              (no ring)

@: swift, quick
A: walk through water, unfitting armour, unbreathing, cold-blooded, AC +11
a: no special abilities


You were on level 6 of the Dungeon.
You were not hungry.

You visited 1 branch of the dungeon, and saw 6 of its levels.

You collected 213 gold pieces.

Inventory:

Hand Weapons
 s - a +2 falchion of holy wrath (weapon)
Jewellery
 g - a ring of wizardry (left hand)
 t - an uncursed amulet of faith {unknown}
Wands
 e - a wand of flame (13)
 l - a wand of digging (4)
 m - a wand of paralysis (9)
Scrolls
 d - a scroll of magic mapping
 n - 3 scrolls of enchant armour
 o - a scroll of amnesia
Potions
 a - a potion of invisibility {unknown}
 c - 4 potions of heal wounds {unknown}
 f - 2 potions of curing {unknown}
 h - 2 potions of mutation {unknown}
 i - 2 potions of berserk rage
 j - a potion of might {unknown}
 k - a potion of resistance
 p - 2 potions of flight {unknown}
 q - a potion of ambrosia {unknown}
 r - a potion of lignification {unknown}
Comestibles
 b - 12 rations
 u - 5 chunks of flesh


   Skills:
 - Level 1.7 Dodging
 - Level 1.7 Stealth
 + Level 4.6 Spellcasting
 + Level 4.7 Conjurations
 * Level 6.1 Air Magic


You had 6 spell levels left.
You knew the following spells:

 Your Spells              Type           Power        Failure   Level  Hunger
a - Shock                 Conj/Air       ###.         1%          1    None
b - Static Discharge      Conj/Air       ###.....     1%          3    ###....
c - Swiftness             Chrm/Air       ###.....     2%          2    #......
d - Airstrike             Air            ####......   4%          4    ####...

Your spell library contained the following spells:

 Spells                   Type           Power        Failure   Level  Hunger
 Lightning Bolt           Conj/Air       ###.......   16%         5    ######.


Dungeon Overview and Level Annotations

Branches:
Dungeon (6/15)
 Temple: D:4-7

Altars:
Elyvilon
Gozag
Hepliaklqana
Makhleb
Okawaru


Innate Abilities, Weirdness & Mutations

You can walk through water.
Your dull iron-grey scales are very hard. (AC +11)
You cannot fit into any form of body armour.
You can survive without breathing.
You are cold-blooded and may be slowed by cold attacks.


Message History

You climb upwards.
There is a stone staircase leading down here.
(D) Dungeon
Where to? (Enter - D:6, ? - help)
You climb downwards.
The two-headed ogre hits you with a +0 giant club!!
The two-headed ogre hits you with a cursed -3 giant club!
There is a stone staircase leading up, spattered with blood here.
Unknown command.
Okay, then.
Okay, then.
Casting: Shock (safe; 1% risk of failure)
Confirm with . or Enter, or press ? or * to list all spells.
You feel quick. The two-headed ogre barely misses you.
You riposte.
You hit the two-headed ogre.
The two-headed ogre is lightly wounded.
The two-headed ogre hits you with a cursed -3 giant club!
The two-headed ogre misses you.
The two-headed ogre hits you with a cursed -3 giant club!!
You die...

## #.# #.##.# #. #.# #.##.#
.# #.# #.##.###.##.# #.##.#
.# #.# #.##.##...#.####.....
.#
#.######.##.##...........(.#
O#
#............#...#.#########
.# #.......#.#..#####.# .#
#.#####............# .###
#(#.####.##..#######
.O.###..#.###.##@.#
###.##.###.....O..# #
#.O..†#..<####..#
###.##.#[#### #..#
...###.#.# #..# ..## #.#.#
#... ..####.#.# #..#.
....##.#.# ##..## #.#.##....
..


You could see a two-headed ogre.

Vanquished Creatures
  A centaur (D:6)
  2 scorpions
  A howler monkey (D:6)
  2 crimson imps
  A hound (D:6)
  4 orc priests
  6 orc wizards
  5 worker ants
  Natasha (thrice) (D:2)
  Terence (D:2)
  2 hound zombies
  Robin (D:2)
  4 adders
  4 gnolls (D:6)
  A shadow imp (D:6)
  3 worms
  2 dart slugs (D:4)
  14 orcs
  8 bats
  13 giant cockroaches
  19 goblins
  9 hobgoblins
  15 jackals
  7 kobolds
  A quokka (D:6)
  6 frilled lizards
  A leopard gecko skeleton (D:4)
  6 rats
142 creatures vanquished.

Vanquished Creatures (others)
  A rat (D:3)
1 creature vanquished.

Grand Total: 143 creatures vanquished

Notes
Turn   | Place    | Note
-------+----------+-------------------------------------------
     0 | D:1      | kae the Draconian Air Elementalist began the quest for the
                  | Orb.
     0 | D:1      | Reached XP level 1. HP: 14/14 MP: 3/3
   467 | D:1      | Reached XP level 2. HP: 20/20 MP: 0/5
  1153 | D:1      | Reached XP level 3. HP: 26/26 MP: 1/6
  1707 | D:1      | HP: 1/26 [poisoned by an adder]
  2359 | D:2      | Reached skill level 4 in Air Magic
  2505 | D:2      | Noticed Robin
  2605 | D:2      | Killed Robin
  2605 | D:2      | Reached XP level 4. HP: 22/33 MP: 0/7
  2826 | D:2      | Noticed Natasha
  2833 | D:2      | Killed Natasha
  2912 | D:2      | Noticed Natasha
  2917 | D:2      | Killed Natasha
  3038 | D:2      | Reached XP level 5. HP: 32/38 MP: 1/9
  3418 | D:2      | Noticed Natasha
  3426 | D:2      | Killed Natasha
  3543 | D:2      | Noticed Terence
  3795 | D:2      | Killed Terence
  3795 | D:2      | Reached skill level 5 in Air Magic
  4048 | D:2      | Learned a level 3 spell: Static Discharge
  4051 | D:2      | Learned a level 2 spell: Swiftness
  4056 | D:2      | Learned a level 4 spell: Airstrike
  4063 | D:3      | Reached XP level 6. HP: 18/45 MP: 1/11
  4374 | D:3      | Found a white marble altar of Elyvilon.
  5470 | D:4      | Found an iron altar of Okawaru.
  6040 | D:5      | Entered Level 5 of the Dungeon
  6462 | D:5      | Reached skill level 6 in Air Magic
  6462 | D:5      | Your scales start taking on a dull iron-grey colour.
  6462 | D:5      | Reduced skill Air Magic to level 5
  6462 | D:5      | Reached XP level 7. HP: 50/50 MP: 9/12
  6462 | D:5      | Gained mutation: You can survive without breathing. [Grey
                  | Draconian growth]
  6544 | D:5      | Paralysed by an orc priest for 6 turns
  7265 | D:5      | Found a burning altar of Makhleb.
  7269 | D:5      | Found a hazy altar of Hepliaklqana.
  7300 | D:5      | Found an opulent altar of Gozag.
  8060 | D:6      | Reached skill level 6 in Air Magic
  8060 | D:6      | Reached XP level 8. HP: 55/57 MP: 10/14
  8171 | D:6      | Noticed a two-headed ogre
  8207 | D:6      | Slain by a two-headed ogre

Levels and vault maps discovered:
D:1:      grunt_arrival_crossed_arrows, layout_basic
D:2:      layout_basic, minmay_pentomino_q2, uniq_terence, uniq_robin,
          uniq_natasha
D:3:      layout_basic, elyvilon_altar_4
D:4:      layout_basic, lemuel_doored_altar, first_ration
D:5:      layout_loops_ring, nicolae_overflow_hidden_temple
D:6:      layout_loops_ring, tgw_trog, uniq_menkaure

Skill      XL: |  1  2  3  4  5  6  7 |
---------------+----------------------+-----
Air Magic      | 4 5 5 6 |  6.1
Conjurations   | 2 3 4 |  4.7
Spellcasting   | 3 4 |  4.6
Dodging        | |  1.7
Stealth        | |  1.7

Action                   |  1- 3 |  4- 6 |  7- 9 || total
-------------------------+-------+-------+-------++-------
Melee: Club              |    68 |    52 |       ||   120
       Unarmed           |    14 |       |       ||    14
       Tailslap          |     6 |    11 |    10 ||    27
       Mace              |       |    67 |       ||    67
       Falchion          |       |     4 |    72 ||    76
 Cast: Shock             |    81 |    96 |    37 ||   214
       Static Discharge  |       |    12 |    18 ||    30
       Swiftness         |       |     1 |     1 ||     2
  Use: Scroll            |     4 |     6 |       ||    10
       Potion            |     2 |       |       ||     2
 Stab: Sleeping          |     3 |     2 |     1 ||     6
  Eat: Chunk             |     5 |    12 |     7 ||    24
       Ration            |       |     1 |       ||     1
Armor: Skin              |    32 |    68 |    50 ||   150
Dodge: Dodged            |    80 |   145 |    68 ||   293
       Rpst.: Falchion   |       |     2 |    20 ||    22

Table legend:
 A = Non-vault XP
 B = Vault XP
 C = Vault XP percentage of total XP
 D = Non-vault monster count
 E = Vault monster count
 F = Vault count percentage of total count
                 A         B        C        D         E       F
            +---------+---------+-------+---------+---------+-------
      Total |    1431 |     105 |   6.8 |     125 |      17 |  12.0
            +---------+---------+-------+---------+---------+-------
        D:1 |      50 |       0 |   0.0 |      30 |       0 |   0.0
        D:2 |     174 |     105 |  37.6 |      20 |      17 |  45.9
        D:3 |     102 |       0 |   0.0 |      16 |       0 |   0.0
        D:4 |     292 |       0 |   0.0 |      21 |       0 |   0.0
        D:5 |     339 |       0 |   0.0 |      19 |       0 |   0.0
        D:6 |     474 |       0 |   0.0 |      19 |       0 |   0.0
            +---------+---------+-------+---------+---------+-------
